BSA
IRVINE GANG GREEN @ ST CHARLES SHEENS
04/18/2027
 
TOP OF THE 1ST
Irvine Gang Green batting - Pitching for St Charles Sheens : LHP Ben Moody
Pitching: LHP Ben Moody
Batting: LHB Jesús Campos 0-0: Called Strike
0-1: Ball
1-1: Ground out 4-3 (Groundball, 4)
Batting: RHB Tom Doherty 0-0: Foul Ball, location: 2F
0-1: Ball
1-1: Called Strike
1-2: Foul Ball, location: 2F
1-2: Ground out 3-1 (Groundball, 34)
Batting: RHB Buck Jones 0-0: Called Strike
0-1: Foul Ball, location: 2F
0-2: Ball
1-2: Ball
2-2: Ball
3-2: SINGLE (Line Drive, 6MD)
Batting: RHB Manny Copriviza 0-0: Called Strike
0-1: Foul Ball, location: 2F
0-2: Strikes out swinging
Top of the 1st over - 0 run(s), 1 hit(s), 0 error(s), 1 left on base; Irvine 0 - St Charles 0
BOTTOM OF THE 1ST
St Charles Sheens batting - Pitching for Irvine Gang Green : LHP Masutaro Koyama
Pitching: LHP Masutaro Koyama
Batting: RHB Jesús Hernández 0-0: Ball
1-0: Fly out, F4 (Popup, 3D)
Batting: LHB Gene Cooper 0-0: Ball
1-0: Ball
2-0: SOLO HOME RUN (Flyball, 89XD), Distance : 431 ft
Batting: RHB Judson Backstrom 0-0: Ball
1-0: Ball
2-0: Called Strike
2-1: Ground out U3 (Groundball, 3S)
Batting: LHB Stan Bates 0-0: Ball
1-0: SINGLE (Groundball, 6MD)
Batting: RHB Max Rash 0-0: Foul Ball, location: 2F
0-1: Ball
1-1: Called Strike
1-2: Ball
2-2: Ball
3-2: SINGLE (Groundball, 34D)
Stan Bates to second
Stan Bates to third
Batting: LHB Juan Jose Rojas 0-0: Ground out 5-3 (Groundball, 56S)
Bottom of the 1st over - 1 run(s), 3 hit(s), 0 error(s), 2 left on base; Irvine 0 - St Charles 1
TOP OF THE 2ND
Irvine Gang Green batting - Pitching for St Charles Sheens : LHP Ben Moody
Batting: LHB Víctor Quiñones 0-0: Ball
1-0: Called Strike
1-1: Called Strike
1-2: Strikes out swinging
Batting: LHB Jorge Martínez 0-0: Ball
1-0: Ball
2-0: Called Strike
2-1: Called Strike
2-2: Foul Ball, location: 2F
2-2: Ball
3-2: Foul Ball, location: 2F
3-2: Fly out, F4 (Line Drive, 4)
Batting: RHB José Salazar 0-0: Ball
1-0: Ball
2-0: Called Strike
2-1: Foul Ball, location: 2F
2-2: Foul Ball, location: 2F
2-2: Ball
3-2: Ground out 6-3 (Groundball, 6MS)
Top of the 2nd over - 0 run(s), 0 hit(s), 0 error(s), 0 left on base; Irvine 0 - St Charles 1
BOTTOM OF THE 2ND
St Charles Sheens batting - Pitching for Irvine Gang Green : LHP Masutaro Koyama
Batting: RHB Dan Tyler 0-0: Called Strike
0-1: Ball
1-1: Foul Ball, location: 2F
1-2: Foul Ball, location: 2F
1-2: Ball
2-2: Ball
3-2: Foul Ball, location: 2F
3-2: Foul Ball, location: 2F
3-2: Strikes out swinging
Batting: RHB Miguel Palácios 0-0: Ground out 5-3 (Groundball, 5)
Batting: RHB Ben Dougherty 0-0: Called Strike
0-1: Fly out, F8 (Flyball, 8RS)
Bottom of the 2nd over - 0 run(s), 0 hit(s), 0 error(s), 0 left on base; Irvine 0 - St Charles 1
TOP OF THE 3RD
Irvine Gang Green batting - Pitching for St Charles Sheens : LHP Ben Moody
Batting: LHB Leonardo Medina 0-0: Ball
1-0: Ball
2-0: Called Strike
2-1: Ground out 4-3 (Groundball, 4M)
Batting: LHB José Sánchez 0-0: Called Strike
0-1: Ball
1-1: Ball
2-1: Foul Ball, location: 2F
2-2: Ground out 4-3 (Groundball, 4)
Batting: LHB Jesús Campos 0-0: Ball
1-0: Foul Ball, location: 2F
1-1: Swinging Strike
1-2: Foul Ball, location: 2F
1-2: Ball
2-2: Ground out U3 (Groundball, 34)
Top of the 3rd over - 0 run(s), 0 hit(s), 0 error(s), 0 left on base; Irvine 0 - St Charles 1
BOTTOM OF THE 3RD
St Charles Sheens batting - Pitching for Irvine Gang Green : LHP Masutaro Koyama
Batting: RHB Jesús Hernández 0-0: Called Strike
0-1: Ball
1-1: Called Strike
1-2: Ball
2-2: SINGLE (Groundball, 56D)
Batting: LHB Gene Cooper 0-0: Called Strike
Jesús Hernández steals 2nd base
0-1: Ball
1-1: Called Strike
1-2: Ball
2-2: SINGLE (Line Drive, 34D)
Jesús Hernández to third
Batting: RHB Judson Backstrom 0-0: Ball
1-0: Foul Ball, location: 2F
1-1: Grounds into double play, 4-6-3 (Groundball, 4D)
Jesús Hernández scores
Batting: LHB Stan Bates 0-0: Foul Ball, location: 2F
0-1: SINGLE (Groundball, 6D)
Batting: RHB Max Rash 0-0: Called Strike
0-1: Foul Ball, location: 2F
0-2: Ball
1-2: Ball
2-2: Foul Ball, location: 2F
2-2: Ground out 1-3 (Groundball, 15)
Bottom of the 3rd over - 1 run(s), 3 hit(s), 0 error(s), 1 left on base; Irvine 0 - St Charles 2
TOP OF THE 4TH
Irvine Gang Green batting - Pitching for St Charles Sheens : LHP Ben Moody
Batting: RHB Tom Doherty 0-0: Ball
1-0: Ball
2-0: Foul Ball, location: 2F
2-1: Ball
3-1: Ground out 4-3 (Groundball, 4)
Batting: RHB Buck Jones 0-0: Ball
1-0: Called Strike
1-1: Called Strike
1-2: Ball
2-2: Ball
3-2: Foul Ball, location: 2F
3-2: TRIPLE (Flyball, 9LM)
Batting: RHB Manny Copriviza 0-0: Ball
1-0: Foul Ball, location: 2F
1-1: Foul Ball, location: 2F
1-2: Ball
2-2: Ball
3-2: Foul Ball, location: 2F
3-2: Base on Balls
Batting: LHB Víctor Quiñones 0-0: Called Strike
0-1: Ball
1-1: Ball
2-1: Foul Ball, location: 2F
2-2: Foul Ball, location: 2F
2-2: Strikes out swinging
Batting: LHB Jorge Martínez 0-0: Called Strike
0-1: Foul Ball, location: 2F
0-2: Ball
1-2: Strikes out looking
Top of the 4th over - 0 run(s), 1 hit(s), 0 error(s), 2 left on base; Irvine 0 - St Charles 2
BOTTOM OF THE 4TH
St Charles Sheens batting - Pitching for Irvine Gang Green : LHP Masutaro Koyama
Batting: LHB Juan Jose Rojas 0-0: Ball
1-0: Called Strike
1-1: Ball
2-1: Ball
3-1: Swinging Strike
3-2: Foul Ball, location: 2F
3-2: Strikes out looking
Batting: RHB Dan Tyler 0-0: SINGLE (Groundball, 56D)
Batting: RHB Miguel Palácios 0-0: Foul Ball, location: 2F
0-1: Ball
1-1: Foul Ball, location: 2F
1-2: Strikes out swinging
Batting: RHB Ben Dougherty 0-0: Ball
1-0: Foul Ball, location: 2F
1-1: Foul Ball, location: 2F
1-2: Foul Ball, location: 2F
1-2: Strikes out swinging
Bottom of the 4th over - 0 run(s), 1 hit(s), 0 error(s), 1 left on base; Irvine 0 - St Charles 2
TOP OF THE 5TH
Irvine Gang Green batting - Pitching for St Charles Sheens : LHP Ben Moody
Batting: RHB José Salazar 0-0: Called Strike
0-1: Fly out, F8 (Flyball, 8LXD)
Batting: LHB Leonardo Medina 0-0: Ball
1-0: Foul Ball, location: 2F
1-1: Called Strike
1-2: Fly out, F9 (Flyball, 9LS)
Batting: LHB José Sánchez 0-0: Ball
1-0: Fly out, F4 (Popup, 34D)
Top of the 5th over - 0 run(s), 0 hit(s), 0 error(s), 0 left on base; Irvine 0 - St Charles 2
BOTTOM OF THE 5TH
St Charles Sheens batting - Pitching for Irvine Gang Green : LHP Masutaro Koyama
Batting: RHB Jesús Hernández 0-0: Swinging Strike
0-1: Ball
1-1: Foul Ball, location: 2F
1-2: Ball
2-2: Fly out, F9 (Flyball, 9)
Batting: LHB Gene Cooper 0-0: Swinging Strike
0-1: Ball
1-1: Ball
2-1: Foul Ball, location: 2F
2-2: Strikes out swinging
Batting: RHB Judson Backstrom 0-0: Called Strike
0-1: DOUBLE (Line Drive, 78XD)
Batting: LHB Stan Bates 0-0: Called Strike
0-1: SINGLE (Flyball, 78M)
Judson Backstrom to third
Batting: RHB Max Rash 0-0: Ball
1-0: Fly out, F4 (Popup, 34)
Bottom of the 5th over - 0 run(s), 2 hit(s), 0 error(s), 2 left on base; Irvine 0 - St Charles 2
TOP OF THE 6TH
Irvine Gang Green batting - Pitching for St Charles Sheens : LHP Ben Moody
Batting: LHB Jesús Campos 0-0: Ball
1-0: Swinging Strike
1-1: Called Strike
1-2: Ball
2-2: Strikes out swinging
Batting: RHB Tom Doherty 0-0: Foul Ball, location: 2F
0-1: Ball
1-1: Ball
2-1: Foul Ball, location: 2F
2-2: Foul Ball, location: 2F
2-2: Fly out, F8 (Flyball, 8LD)
Batting: RHB Buck Jones 0-0: Swinging Strike
0-1: Foul Ball, location: 2F
0-2: Ball
1-2: Ground out 5-3 (Groundball, 56)
Top of the 6th over - 0 run(s), 0 hit(s), 0 error(s), 0 left on base; Irvine 0 - St Charles 2
BOTTOM OF THE 6TH
St Charles Sheens batting - Pitching for Irvine Gang Green : LHP Masutaro Koyama
Batting: LHB Juan Jose Rojas 0-0: Foul Ball, location: 2F
0-1: Foul Ball, location: 2F
0-2: Ball
1-2: Ball
2-2: Foul Ball, location: 2F
2-2: Ground out 4-3 (Groundball, 4)
Batting: RHB Dan Tyler 0-0: Ball
1-0: Bunted foul
1-1: Swinging Strike
1-2: Ground out 5-3 (Groundball, 56)
Batting: RHB Miguel Palácios 0-0: Called Strike
0-1: Swinging Strike
0-2: Ball
1-2: Ball
2-2: Ground out 1-3 (Groundball, 13)
Bottom of the 6th over - 0 run(s), 0 hit(s), 0 error(s), 0 left on base; Irvine 0 - St Charles 2
TOP OF THE 7TH
Irvine Gang Green batting - Pitching for St Charles Sheens : LHP Ben Moody
Batting: RHB Manny Copriviza 0-0: Ball
1-0: Ball
2-0: Fly out, F9 (Flyball, 9LSF)
Batting: LHB Víctor Quiñones 0-0: Called Strike
0-1: Called Strike
0-2: Foul Ball, location: 2F
0-2: Ball
1-2: Strikes out looking
Batting: LHB Jorge Martínez 0-0: Ball
1-0: Called Strike
1-1: Foul Ball, location: 2F
1-2: SOLO HOME RUN (Flyball, 9LD), Distance : 380 ft
Batting: RHB José Salazar 0-0: Ball
1-0: Ball
2-0: Swinging Strike
2-1: SINGLE (Line Drive, 56D)
Pitching: RHP Joe O'Sullivan
Batting: LHB Leonardo Medina 0-0: Ball
1-0: Foul Ball, location: 2F
1-1: Ball
2-1: SINGLE (Groundball, 34D)
José Salazar to second
Runner from 2nd tries for 3rd, SAFE, throw made to third
Batting: LHB José Sánchez 0-0: Called Strike
0-1: Ball
1-1: Ground out U3 (Groundball, 34)
Top of the 7th over - 1 run(s), 3 hit(s), 0 error(s), 2 left on base; Irvine 1 - St Charles 2
BOTTOM OF THE 7TH
St Charles Sheens batting - Pitching for Irvine Gang Green : LHP Masutaro Koyama
Batting: RHB Ben Dougherty 0-0: Called Strike
0-1: Swinging Strike
0-2: Ball
1-2: Ball
2-2: Foul Ball, location: 2F
2-2: Ball
3-2: Ground out 6-3 (Groundball, 6MS)
Batting: RHB Jesús Hernández 0-0: SINGLE (Groundball, 56D)
Pinch Hitting: RHB Kel Pierce 0-0: Called Strike
0-1: Ball
1-1: DOUBLE (Flyball, 9LM)
Jesús Hernández to third
Runner from 3rd tries for Home, SAFE, no throw
Batting: RHB Judson Backstrom 0-0: Intentional Walk
Batting: LHB Stan Bates 0-0: Called Strike
0-1: Swinging Strike
0-2: Ball
1-2: Grounds into double play, 6-4-3 (Groundball, 56)
Bottom of the 7th over - 1 run(s), 2 hit(s), 0 error(s), 1 left on base; Irvine 1 - St Charles 3
TOP OF THE 8TH
Irvine Gang Green batting - Pitching for St Charles Sheens : RHP Joe O'Sullivan
Now at 2B: Kel Pierce
Batting: LHB Jesús Campos 0-0: Ball
1-0: SOLO HOME RUN (Flyball, 9D), Distance : 414 ft
Pitching: RHP Álex Villegas
Batting: RHB Tom Doherty 0-0: Ball
1-0: Swinging Strike
1-1: Foul Ball, location: 2F
1-2: Foul Ball, location: 2F
1-2: Ball
2-2: Strikes out swinging
Batting: RHB Buck Jones 0-0: Called Strike
0-1: Ball
1-1: TRIPLE (Flyball, 78D)
Batting: RHB Manny Copriviza 0-0: Foul Ball, location: 2F
0-1: Ball
1-1: Ball
2-1: Swinging Strike
2-2: Strikes out looking
Pitching: RHP Jesús Andrade
Batting: LHB Víctor Quiñones 0-0: Called Strike
0-1: Swinging Strike
0-2: Strikes out swinging
Top of the 8th over - 1 run(s), 2 hit(s), 0 error(s), 1 left on base; Irvine 2 - St Charles 3
BOTTOM OF THE 8TH
St Charles Sheens batting - Pitching for Irvine Gang Green : LHP Masutaro Koyama
Pitching: RHP Kuang-yin Yue
Batting: RHB Max Rash 0-0: Foul Ball, location: 2F
0-1: Ball
1-1: Ball
2-1: Fly out, F6 (Popup, 56D)
Batting: LHB Juan Jose Rojas 0-0: Ball
1-0: Ball
2-0: SINGLE (Groundball, 4MD)
Batting: RHB Dan Tyler 0-0: Ball
1-0: Ball
2-0: Called Strike
2-1: Swinging Strike
2-2: Strikes out swinging
Batting: RHB Miguel Palácios 0-0: Called Strike
0-1: Fly out, F9 (Flyball, 9)
Bottom of the 8th over - 0 run(s), 1 hit(s), 0 error(s), 1 left on base; Irvine 2 - St Charles 3
TOP OF THE 9TH
Irvine Gang Green batting - Pitching for St Charles Sheens : RHP Jesús Andrade
Pitching: RHP Juan Rivera
Now at 1B: Jesús Gonzáles
Batting: LHB Jorge Martínez 0-0: Ball
1-0: Called Strike
1-1: Foul Ball, location: 2F
1-2: Ball
2-2: Foul Ball, location: 2F
2-2: Ball
3-2: Base on Balls
Batting: RHB José Salazar 0-0: Swinging Strike
0-1: Ball
1-1: Foul Ball, location: 2F
1-2: SINGLE (Groundball, 6D)
Jorge Martínez to second
Batting: LHB Leonardo Medina 0-0: Called Strike
0-1: Foul Ball, location: 2F
0-2: Ball
1-2: Ball
2-2: Fly out, F9 (Flyball, 9)
Batting: LHB José Sánchez 0-0: Swinging Strike
0-1: Ground out U3 (Groundball, 34)
Jorge Martínez to third
José Salazar to second
Batting: LHB Jesús Campos 0-0: Called Strike
0-1: Swinging Strike
0-2: Foul Ball, location: 2F
0-2: 3-RUN HOME RUN (Flyball, 89XD), Distance : 420 ft
Batting: RHB Tom Doherty 0-0: Ball
1-0: Ball
2-0: Ball
3-0: Called Strike
3-1: Foul Ball, location: 2F
3-2: Ground out U3 (Groundball, 34S)
Top of the 9th over - 3 run(s), 2 hit(s), 0 error(s), 0 left on base; Irvine 5 - St Charles 3
BOTTOM OF THE 9TH
St Charles Sheens batting - Pitching for Irvine Gang Green : RHP Kuang-yin Yue
Pitching: RHP Mike Fisher
Batting: RHB Ben Dougherty 0-0: Ball
1-0: Swinging Strike
1-1: Foul Ball, location: 2F
1-2: Ball
2-2: Foul Ball, location: 2F
2-2: Ball
3-2: Strikes out looking
Batting: RHB Jesús Hernández 0-0: Ball
1-0: Swinging Strike
1-1: Hit by Pitch
Batting: RHB Kel Pierce 0-0: Ball
1-0: Fielders Choice at 2nd, 1-6 (Groundball, 13S)
Batting: RHB Judson Backstrom 0-0: Ball
1-0: Called Strike
1-1: Fielders Choice at 2nd, U4 (Groundball, 4M)
Bottom of the 9th over - 0 run(s), 0 hit(s), 0 error(s), 1 left on base; Irvine 5 - St Charles 3
Thursday, March 30th, 2017 - OOTP Baseball 17.12 Build 75